 Dungeon Crawl Stone Soup version 0.31-a0-986-g5e6e4ef867 (webtiles) character file.

Game seed: 10623049024460897663

104946 voltaire321 the Cleaver (level 15, -4/123 HPs)
             Began as a Demonspawn Venom Mage on Nov 8, 2023.
             Was the Champion of Wu Jian.
             Slain by a golden dragon simulacrum (11 damage)
             ... in an ice cave.
             The game lasted 01:35:39 (29950 turns).

voltaire321 the Cleaver (Demonspawn Venom Mage)    Turns: 29950, Time: 01:35:39

Health: -4/123     AC: 15    Str: 15    XL:     15   Next: 93%
Magic:  17/24      EV: 22    Int: 17    God:    Wu Jian [******]
Gold:   603        SH:  5    Dex: 14    Spells: 16/26 levels left

rFire   + + .        d - +7 broad axe (flame)
rCold   + . .        J - +0 buckler {rPois}
rNeg    . . .        s - +3 leather armour {rF+}
rPois   +            y - +2 hat {Stlth+}
rElec   .            D - scarf {rC+ rF+}
rCorr   +            U - +0 pair of gloves of Keogrux {Drain +Blink rCorr Slay+5}
SInv    .            C - +0 pair of boots
Will    +....        w - amulet of the acrobat
Stlth   +++          S - ring of resist corrosion
HPRegen 0.40/turn    u - +5 ring of evasion
MPRegen 0.19/turn

%: acrobat
@: studying 2 skills
A: claws 1, icy blue scales 2, ignite blood 3, powered by pain 2
a: Renounce Religion, Evoke Blink, Wall Jump, Serpent's Lash, Heavenly Storm


You were in an ice cave.
You worshipped Wu Jian.
Wu Jian was exalted by your worship.
You visited 5 branches of the dungeon, and saw 25 of its levels.
You also visited: Ice Cave and Volcano.

You collected 2561 gold pieces.
You spent 1958 gold pieces at shops.

Inventory:

Hand Weapons
 d - a +7 broad axe of flaming (weapon)
 E - a +1 war axe
 R - the +8 whip "Snakebite" {venom, curare, rPois}
   (You found it on level 1 of the Lair of Beasts)

   rPois:     It protects you from poison
Armour
 s - a +3 leather armour of fire resistance (worn)
 y - a +2 hat of stealth (worn)
 C - a +0 pair of boots (worn)
 D - a scarf of resistance (worn)
 J - a +0 buckler of poison resistance (worn)
 U - the +0 pair of gloves of Keogrux (worn) {Drain +Blink rCorr Slay+5}
   (You found it on level 2 of the Lair of Beasts)

   Slay+5:    It affects your accuracy & damage with ranged weapons and melee
   (+5).
   +Blink:    It lets you blink.
   rCorr:     It protects you from acid and corrosion.
   Drain:     It drains your maximum health when unequipped.
Jewellery
 p - the ring "Qeiz" {rPois rF+ Int-5 SInv}
   (You found it on level 1 of the Spider Nest)

   [ring of poison resistance]

   Int-5:     It affects your intelligence (-5).
   rF+:       It protects you from fire.
   rPois:     It protects you from poison SInv: It lets you see invisible.
 r - a +6 ring of strength
 u - a +5 ring of evasion (right hand)
 w - an amulet of the acrobat (around neck)
 B - a ring of protection from cold
 G - a ring of protection from cold
 L - a +6 ring of intelligence
 S - a ring of resist corrosion (left hand)
Wands
 h - a wand of charming (35)
 k - a wand of digging (7)
 x - a wand of iceblast (10)
 I - a wand of quicksilver (3)
Scrolls
 e - 9 scrolls of identify
 f - 6 scrolls of amnesia
 j - 2 scrolls of fear
 m - a scroll of silence
 q - 5 scrolls of teleportation
 t - a scroll of enchant armour
 v - a scroll of fog {unknown}
 A - 3 scrolls of poison
 K - a scroll of summoning
 T - 3 scrolls of revelation
Potions
 a - 4 potions of haste
 b - 2 potions of magic
 c - 5 potions of might
 g - 6 potions of lignification
 i - 2 potions of invisibility
 l - 7 potions of brilliance
 n - 8 potions of curing
 o - a potion of mutation
 F - 2 potions of enlightenment
 H - a potion of berserk rage
 M - 2 potions of resistance
 P - 2 potions of cancellation
 Q - 3 potions of ambrosia


   Skills:
 + Level 13.0 Fighting
 * Level 14.5 Axes
 + Level 10.4 Armour
 + Level 12.0 Dodging
 - Level 1.7 Stealth
 + Level 6.3 Shields
 - Level 6.0 Spellcasting
 - Level 1.0 Transmutations
 - Level 4.0 Fire Magic
 - Level 2.0 Air Magic
 + Level 10.3 Poison Magic


You had 16 spell levels left.
You knew the following spells:

 Your Spells              Type           Power      Damage    Failure   Level
a - Sting                 Tmut/Pois      96%        1d7       1%          1
b - Poisonous Vapours     Pois/Air       52%        N/A       2%          2
c - Olgreb's Toxic Radia  Pois           40%        N/A       2%          4
d - Ignite Poison         Fire/Tmut/Pois 22%        N/A       7%          3

Your spell library contained the following spells:

 Spells                   Type           Power      Damage    Failure   Level
 Cigotuvi's Dreadful Rot  Necr/Pois/Air  38%        N/A       5%          2
 Mephitic Cloud           Conj/Pois/Air  19%        N/A       11%         3
 Apportation              Tloc           10%        N/A       19%         1
 Freeze                   Ice            20%        1d4       19%         1
 Wereblood                Tmut           8%         N/A       19%         2
 Passwall                 Tmut/Erth      5%         N/A       24%         2
 Inner Flame              Hex/Fire       11%        N/A       26%         3
 Swiftness                Air            11%        N/A       26%         3
 Volatile Blastmotes      Fire/Tloc      22%        2d11      26%         3
 Ensorcelled Hibernation  Hex/Ice        10%        N/A       28%         2
 Jinxbite                 Hex            10%        N/A       28%         2
 Lesser Beckoning         Tloc           10%        N/A       28%         2
 Sublimation of Blood     Necr           5%         N/A       28%         2
 Alistair's Intoxication  Tmut/Pois      16%        N/A       45%         5
 Dazzling Flash           Conj/Hex       10%        N/A       50%         3
 Frozen Ramparts          Ice            10%        1d2       50%         3
 Gell's Gravitas          Tloc           5%         N/A       50%         3
 Hailstorm                Conj/Ice       5%         3d4       50%         3
 Teleport Other           Tloc           5%         N/A       50%         3
 Tukima's Dance           Hex            5%         N/A       50%         3
 Sticky Flame             Conj/Fire      11%        2d3       63%         4
 Anguish                  Hex/Necr       2%         N/A       88%         4
 Cause Fear               Hex            2%         N/A       88%         4
 Fulminant Prism          Conj/Hex       2%         3d5       88%         4
 Iskenderun's Mystic Bla  Conj/Tloc      5%         2d3       88%         4
 Silence                  Hex/Air        4%         N/A       98%         5
 Agony                    Necr           5%         N/A       99%         5
 Freezing Cloud           Conj/Ice/Air   3%         6-21      99%         5
 Yara's Violent Unravell  Hex/Tmut       3%         3d4       99%         5
 Enfeeble                 Hex            2%         N/A       100%        7
 Haunt                    Necr/Summ      2%         N/A       100%        7
 Summon Hydra             Summ           2%         N/A       100%        7
 Ignition                 Fire           9%         3d5       100%        8


Dungeon Overview and Level Annotations

Branches:
Dungeon (15/15)            Temple (1/1) D:5            Lair (5/5) D:9
 Shoals (0/4) Lair:2       Spider (2/4) Lair:3        Slime (0/5) Lair:5
    Orc (2/2) D:11            Elf (0/3) Orc:2        Vaults (0/5) D:14
 Depths (0/4) D:15          IceCv (1/1)             Volcano (visited)

Altars:
Ashenzari
Cheibriados
Dithmenos
Fedhas
Gozag
Hepliaklqana
Kikubaaqudgha
Makhleb
Nemelex Xobeh
Okawaru
Qazlal
Ru
Sif Muna
Trog
Uskayaw
Vehumet
Wu Jian
Xom
Yredelemnul

Shops:
D:3 [   Orc:2 :!((*

Annotations:
D:6 1 runed translucent door, sammy202020's ghost, novice MiFi
Lair:5 exclusion: 6 oklob plants


Innate Abilities, Weirdness & Mutations

You have sharp fingernails.
You are mostly covered in icy blue scales. (AC +3)
Your demonic aura causes all spilled blood to erupt in flames.
You sometimes gain power by taking damage.


Message History

Aim: a golden dragon simulacrum (100% to hit)
The bolt of dispelling energy hits the golden dragon simulacrum.
The golden dragon simulacrum is lightly damaged.
Aiming: Quicksilver Bolt
Press: ? - help, Shift-Dir - straight line, f/p - golden dragon simulacrum
Aim: a golden dragon simulacrum (lightly damaged, 100% to hit)
The bolt of dispelling energy hits the golden dragon simulacrum!
The golden dragon simulacrum is moderately damaged.
Aiming: Quicksilver Bolt
Press: ? - help, Shift-Dir - straight line, f/p - golden dragon simulacrum
Aim: a golden dragon simulacrum (moderately damaged, 100% to hit)
The bolt of dispelling energy hits the golden dragon simulacrum.
The golden dragon simulacrum is moderately damaged.
You slash the golden dragon simulacrum!
You melt the golden dragon simulacrum.
The golden dragon simulacrum is heavily damaged.
The golden dragon simulacrum bites you!!
* * * LOW HITPOINT WARNING * * *
The golden dragon simulacrum freezes you!
You resist.
* * * LOW HITPOINT WARNING * * *
The golden dragon simulacrum closely misses you.
The golden dragon simulacrum completely misses you.
You feel much better.
The golden dragon simulacrum bites you but does no damage.
The golden dragon simulacrum barely misses you.
The golden dragon simulacrum closely misses you.
You slash the golden dragon simulacrum!
You melt the golden dragon simulacrum!
The golden dragon simulacrum is almost destroyed.
You hit the golden dragon simulacrum.
You melt the golden dragon simulacrum.
The golden dragon simulacrum is almost destroyed.
The golden dragon simulacrum bites you!
* * * LOW HITPOINT WARNING * * *
The golden dragon simulacrum freezes you!
You resist.
* * * LOW HITPOINT WARNING * * *
The golden dragon simulacrum claws you!
* * * LOW HITPOINT WARNING * * *
The golden dragon simulacrum freezes you!
You resist.
You die...

####### #.....##
#......##
#######.......#Z.Z
#@Z.....∩..∩......
#######.......#..Z
#......## #.....##
#######


You could see a golden dragon simulacrum.

Vanquished Creatures
  Jorgrun (Orc:2)
  Gastronok (D:8)
  A broodmother (Spider:1)
  An orc warlord (Orc:1)
  A dire elephant (Lair:2)
  An entropy weaver (Spider:1)
  7 hydras
  An ogre mage (D:14)
  A jorogumo (Spider:1)
  Erolcha (Orc:1)
  A centaur warrior (D:14)
  2 catoblepae (Lair:4)
  6 two-headed ogres
  6 boulder beetles
  A sphinx skeleton (D:15)
  A hell hog (Volcano)
  A vampire mage (D:15)
  5 death yaks (Lair:2)
  5 tengu warriors
  3 demonic crawlers
  3 orc high priests (Orc:2)
  2 skysharks (Lair:5)
  A fire crab (Volcano)
  2 goliath frogs (Lair:5)
  A sun moth (Spider:1)
  6 skeletal warriors (D:15)
  A spark wasp zombie (D:15)
  4 orb spiders
  A lindwurm (Lair:2)
  2 steelbarb worms
  5 wolf spiders (Spider:1)
  2 ugly things
  A necromancer (D:15)
  3 deep elf pyromancers
  4 orc knights (Orc:2)
  2 cyclopes
  5 orc sorcerers
  4 manticores
  7 elephants (Lair:2)
  A gargoyle (D:12)
  8 black mambas
  A torpor snail (Spider:1)
  13 cane toads
  Maggie (D:8)
  An unseen horror (shapeshifter) (D:13)
  An unseen horror (D:11)
  3 rime drakes
  2 efreet
  2 tengu conjurers
  An anaconda simulacrum (IceCv)
  6 komodo dragons
  2 polar bears
  A tyrant leech (Lair:5)
  An alligator simulacrum (IceCv)
  3 meliai (Spider:2)
  4 trolls
  A hornet (D:8)
  7 tarantellas
  Grinder (D:6)
  12 dream sheep (Lair:4)
  31 blink frogs
  A blink frog (shapeshifter) (D:13)
  A snapping turtle (Lair:2)
  3 centaur simulacra
  10 slime creatures
  7 culicivoras
  4 jumping spiders
  A wraith (D:12)
  2 shadows
  3 vampires
  Sigmund (D:5)
  A water elemental (Lair:2)
  3 fire bats (Volcano)
  28 yaks
  5 basilisks
  4 wyverns
  4 steam dragons
  13 vampire mosquitoes
  17 redbacks
  2 wargs (Orc:1)
  An acid dragon (D:10)
  21 water moccasins
  3 hell hounds
  27 orc warriors
  A meliai simulacrum (D:14)
  An ice beast (D:5)
  2 sky beasts
  8 ogres
  4 black bears
  2 centaurs
  8 wolves
  2 phantoms
  3 kobold brigands
  20 bullfrogs
  A gnoll sergeant (D:11)
  5 scorpions
  6 wights (D:8)
  10 killer bees (D:9)
  3 howler monkeys
  3 electric eels
  3 hounds
  2 gnoll boudas
  6 jellies
  22 orc priests
  4 iguanas
  A sleepcap (D:4)
  Natasha (thrice) (D:2)
  25 orc wizards
  13 hell rats
  10 adders
  13 gnolls
  3 river rats (Lair:1)
  A shadow imp (D:5)
  2 white imps
  2 dart slugs
  77 orcs
  8 ball pythons
  7 endoplasms
  A giant cockroach (D:3)
  6 goblins
  8 hobgoblins
  15 jackals
  28 kobolds
  2 quokkas
  5 bats
  2 frilled lizards
  16 rats
732 creatures vanquished.

Notes
Turn   | Place    | Note
-------+----------+-------------------------------------------
     0 | D:1      | voltaire321 the Demonspawn Venom Mage began the quest for
                  | the Orb.
     0 | D:1      | Reached XP level 1. HP: 13/13 MP: 3/3
   224 | D:1      | Reached skill level 1 in Transmutations
   344 | D:1      | Gained mutation: You are partially covered in icy blue
                  | scales. (AC +2) [demonic ancestry]
   344 | D:1      | Reached XP level 2. HP: 20/20 MP: 1/5
  1330 | D:2      | Reached skill level 1 in Armour
  1394 | D:2      | Reached XP level 3. HP: 25/25 MP: 3/6
  1446 | D:2      | Noticed Natasha
  1471 | D:2      | Killed Natasha
  1472 | D:2      | Reached skill level 1 in Fighting
  1594 | D:2      | Gained mutation: You have sharp fingernails. [demonic
                  | ancestry]
  1594 | D:2      | Reached XP level 4. HP: 30/32 MP: 3/7
  1682 | D:2      | Noticed Natasha
  1693 | D:2      | Killed Natasha
  1816 | D:2      | Noticed Natasha
  1827 | D:2      | Killed Natasha
  2022 | D:2      | Reached XP level 5. HP: 34/38 MP: 3/9
  2459 | D:3      | Found a faded altar of an unknown god.
  2925 | D:3      | Found Kepsius's Armour Shop.
  2937 | D:3      | Learned a level 2 spell: Poisonous Vapours
  2942 | D:3      | Learned a level 4 spell: Olgreb's Toxic Radiance
  3432 | D:4      | Gained mutation: Your demonic aura sometimes causes spilled
                  | blood to erupt in flames. [demonic ancestry]
  3432 | D:4      | Reached XP level 6. HP: 13/44 MP: 6/10
  3770 | D:4      | Noticed a sky beast
  3905 | D:4      | Killed a sky beast
  3906 | D:4      | Reached skill level 1 in Air Magic
  4291 | D:4      | Gained mutation: Your demonic aura often causes spilled
                  | blood to erupt in flames. [demonic ancestry]
  4291 | D:4      | Reached XP level 7. HP: 51/51 MP: 7/12
  4710 | D:5      | Entered Level 5 of the Dungeon
  4811 | D:5      | Gained mutation: You are mostly covered in icy blue scales.
                  | (AC +3) [demonic ancestry]
  4811 | D:5      | Reached XP level 8. HP: 54/60 MP: 2/14
  5093 | D:5      | Reached skill level 5 in Poison Magic
  5093 | D:5      | Found a staircase to the Ecumenical Temple.
  5107 | Temple   | Entered the Ecumenical Temple
  5138 | Temple   | Became a worshipper of the Wu Jian Council
  5332 | D:5      | Found a burning altar of Makhleb.
  5776 | D:5      | Noticed Sigmund
  5783 | D:5      | Killed Sigmund
  5809 | D:5      | Found a radiant altar of Vehumet.
  5818 | D:5      | Found an ancient bone altar of Kikubaaqudgha.
  5819 | D:5      | Found an opulent altar of Gozag.
  5996 | D:6      | Reached skill level 5 in Spellcasting
  5996 | D:6      | Reached XP level 9. HP: 46/67 MP: 16/16
  6111 | D:6      | Reached skill level 5 in Fighting
  6111 | D:6      | Reached skill level 5 in Dodging
  6521 | D:6      | Noticed Grinder
  6530 | D:6      | Paralysed by Grinder for 2 turns
  6535 | D:6      | Killed Grinder
  6738 | D:6      | Reached skill level 5 in Armour
  6818 | D:6      | Found a runed translucent door.
  6818 | D:6      | Noticed sammy202020's ghost (novice MiFi)
  7528 | D:7      | Reached * piety under Wu Jian
  7949 | D:8      | Paralysed by a hornet for 2 turns
  8124 | D:8      | Noticed Maggie
  8133 | D:8      | Killed Maggie
  8343 | D:8      | Gained mutation: You sometimes gain a little power by
                  | taking damage. [demonic ancestry]
  8343 | D:8      | Reached XP level 10. HP: 60/76 MP: 19/19
  8618 | D:8      | Noticed Gastronok
  9580 | D:8      | Reached skill level 1 in Axes
  9806 | D:8      | Killed Gastronok
  9807 | D:8      | Reached skill level 2 in Axes
  9894 | D:9      | Reached ** piety under Wu Jian
  9950 | D:9      | Reached skill level 3 in Axes
 10370 | D:9      | Learned a level 3 spell: Ignite Poison
 10403 | D:10     | Entered Level 10 of the Dungeon
 10639 | D:10     | Reached skill level 4 in Axes
 10652 | D:10     | Reached XP level 11. HP: 24/84 MP: 20/20
 10882 | D:10     | Noticed a two-headed ogre
 10889 | D:10     | Killed a two-headed ogre
 11181 | D:9      | Found a staircase to the Lair.
 12071 | D:9      | Reached skill level 5 in Axes
 12107 | Lair:1   | Entered Level 1 of the Lair of Beasts
 12269 | Lair:1   | Reached *** piety under Wu Jian
 12286 | Lair:1   | Found a dark tunnel.
 12542 | Volcano  | Entered a volcano
 12628 | Volcano  | Noticed a hell hog
 12643 | Volcano  | Killed a hell hog
 12661 | Volcano  | Reached skill level 6 in Axes
 12699 | Volcano  | Noticed a fire crab
 12876 | Volcano  | Killed a fire crab
 13701 | Lair:1   | Reached XP level 12. HP: 94/94 MP: 21/21
 13719 | Lair:1   | Reached **** piety under Wu Jian
 13746 | Lair:1   | Reached skill level 7 in Axes
 14008 | Lair:1   | Found the +8 whip "Snakebite" {venom, curare, rPois}
 14250 | Lair:2   | Identified the "Buonu"
 14250 | Gauntlet | Identified the "Xunaiblu"
 14250 | Gauntlet | Identified the of Osinnit
 14383 | Lair:2   | Noticed a death yak
 14384 | Lair:2   | Noticed a death yak
 14384 | Lair:2   | Noticed a death yak
 14385 | Lair:2   | Noticed a death yak
 14386 | Lair:2   | Noticed a death yak
 14392 | Lair:2   | Killed a death yak
 14393 | Lair:2   | Killed a death yak
 14396 | Lair:2   | Killed a death yak
 14398 | Lair:2   | HP: 4/94 [death yak (22)]
 14399 | Lair:2   | Killed a death yak
 14401 | Lair:2   | Killed a death yak
 14525 | Lair:2   | Noticed an eight-headed hydra
 14573 | Lair:2   | Reached skill level 8 in Axes
 14587 | Lair:2   | Found a staircase to the Shoals.
 14769 | Lair:2   | Killed a six-headed hydra
 14876 | Lair:2   | Reached skill level 10 in Poison Magic
 15203 | Lair:2   | Reached skill level 9 in Axes
 15693 | Lair:2   | Noticed a dire elephant
 15722 | Lair:2   | Found a runed translucent door.
 16292 | Lair:2   | Killed a dire elephant
 16460 | Lair:2   | Identified the +0 pair of gloves of Keogrux {Drain +Blink
                  | rCorr Slay+5}
 16581 | Lair:3   | Gained mutation: Your demonic aura causes all spilled blood
                  | to erupt in flames. [demonic ancestry]
 16581 | Lair:3   | Reached XP level 13. HP: 102/102 MP: 20/22
 17051 | Lair:3   | Found a hole to the Spider Nest.
 17064 | Lair:3   | Reached skill level 10 in Fighting
 17265 | Lair:3   | Reached ***** piety under Wu Jian
 17270 | Lair:3   | Reached skill level 10 in Axes
 17828 | Lair:4   | Identified the blade talisman of Complete Protection {rPois
                  | Will+}
 18418 | Lair:4   | Reached skill level 11 in Axes
 18420 | Lair:4   | Reached skill level 10 in Dodging
 18916 | Lair:5   | Entered Level 5 of the Lair of Beasts
 18955 | Lair:5   | Reached skill level 1 in Fire Magic
 19342 | Lair:5   | Gained mutation: You sometimes gain power by taking damage.
                  | [demonic ancestry]
 19342 | Lair:5   | Reached XP level 14. HP: 98/113 MP: 23/23
 19656 | Lair:5   | Reached ****** piety under Wu Jian
 19767 | Lair:5   | Found a staircase to the Slime Pits.
 19774 | Lair:5   | Reached skill level 12 in Axes
 20713 | D:11     | Found the +8 pair of quick blades "Gyre" and "Gimble"
                  | {protect}
 20916 | D:11     | Found a staircase to the Orcish Mines.
 21341 | D:11     | Identified the +1 robe of the Doldrums {+Inv rPois rCorr
                  | Stlth+}
 21531 | Orc:1    | Entered Level 1 of the Orcish Mines
 21543 | Orc:1    | Noticed Erolcha
 21554 | Orc:1    | Killed Erolcha
 21817 | Orc:2    | Entered Level 2 of the Orcish Mines
 21882 | Orc:2    | Found a staircase to the Elven Halls.
 21886 | Orc:2    | Noticed Jorgrun
 21895 | Orc:2    | Killed Jorgrun
 22097 | Orc:1    | Noticed an orc warlord
 22118 | Orc:1    | Killed an orc warlord
 23243 | Orc:2    | Reached skill level 13 in Axes
 23312 | Orc:2    | Found Cigyigof's General Store.
 23312 | Orc:2    | Found Duzaguh's Weapon Emporium.
 23329 | Orc:2    | Found Lacuf's Weapon Shop.
 23329 | Orc:2    | Found Ynuluo's Distillery.
 23338 | Orc:2    | Bought a potion of might for 60 gold pieces
 23345 | Orc:2    | Bought a +0 broad axe of draining for 138 gold pieces
 23412 | Orc:2    | Found Benin's Self-Improvement Boutique.
 23420 | Orc:2    | Bought a manual of Shields for 880 gold pieces
 23420 | Orc:2    | Bought a manual of Armour for 880 gold pieces
 24253 | D:12     | Reached skill level 1 in Shields
 25410 | D:13     | Reached XP level 15. HP: 121/121 MP: 24/24
 26127 | D:14     | Found a gate to the Vaults.
 26513 | D:15     | Entered Level 15 of the Dungeon
 26635 | D:15     | Found a staircase to the Depths.
 26897 | D:15     | Reached skill level 14 in Axes
 27099 | D:15     | Reached skill level 5 in Shields
 27779 | Spider:1 | Entered Level 1 of the Spider Nest
 28026 | Spider:1 | Reached skill level 10 in Armour
 28422 | Spider:1 | Identified the ring "Qeiz" {rPois rF+ Int-5 SInv}
 29914 | Spider:2 | Found a frozen archway.
 29923 | IceCv    | Entered an ice cave
 29950 | IceCv    | Slain by a golden dragon simulacrum

Illustrated notes

Levels and vault maps discovered:
D:1:      lightli_arrival_maybe_door_vault, layout_loops_corners
D:2:      layout_basic, hangedman_decor_growths, uniq_natasha
D:3:      layout_loops_ring, serial_shops, shop, basic_ecumenical_altar
D:4:      wad_river_or_something, layout_cave_pools, st_stairs_1
D:5:      layout_loops_ring, chequers_temple_overflow_minitemple,
          mainiacjoe_overflow_alcove_1, temple_fountains, st_stairs_13,
          uniq_sigmund
D:6:      layout_loops_ring, gammafunk_ghost_grave, corexii_leaking_fountain,
          uniq_grinder
D:7:      layout_gridville, nicolae_letterblocks [nicolae_letter_subblock,
          nicolae_letter_subblock, nicolae_letter_subblock,
          nicolae_letter_subblock, nicolae_letter_subblock,
          nicolae_letter_subblock, nicolae_letter_subblock,
          nicolae_letter_subblock, nicolae_letter_subblock,
          nicolae_letter_subblock, nicolae_letter_subblock,
          nicolae_letter_subblock, nicolae_letter_subblock,
          nicolae_letter_subblock, nicolae_letter_subblock,
          nicolae_letter_subblock, nicolae_letter_subblock,
          nicolae_letter_subblock, nicolae_letter_subblock,
          nicolae_letter_subblock, nicolae_letter_subblock,
          nicolae_letter_subblock, nicolae_letter_subblock,
          nicolae_letter_subblock, nicolae_letter_subblock]
D:8:      layout_basic, uniq_maggie, uniq_gastronok
D:9:      layout_stronghold, due_lair_maze_entry_diamond
D:10:     layout_rooms, minmay_misc_feat_diagonals,
          chequers_serial_rivers_room_a
D:11:     layout_gridville, orc_0_dummy
D:12:     layout_roguey
D:13:     layout_roguey [special_room_orc]
D:14:     layout_cave_pools, david_vaults_2
D:15:     gammafunk_depths_entry_grave, layout_irregular_city,
          palyth_stone_intersect, corexii_corridor_pit
Temple:   kb_temple_of_zot
Lair:1:   minmay_guarded_unrand_snakebite, layout_loops_ring, enter_volcano_3,
          kennysheep_abandoned_house
Lair:2:   gammafunk_lair_enchanted_lake, layout_small_grid,
          minmay_shoals_entry_hut, gauntlet_entry_generic
Lair:3:   layout_cave_pods, nicolae_spider_entry_orb_guardian,
          grunt_megastairs_2
Lair:4:   nzn_motion_control, layout_gridlike, grunt_megastairs_4
Lair:5:   minmay_lair_end_frog_pond, layout_cellular_growth,
          nicolae_slime_entry_slimehenge, chequers_serial_rivers_micro_d,
          dpeg_oklob_1, serial_bayou_shore_a
Spider:1: layout_chambers
Spider:2: layout_spider_delve, portal_ice_cave_entry_pillars_four, uniq_nikola,
          uniq_roxanne
Orc:1:    layout_caves, uniq_erolcha
Orc:2:    grunt_orc_tribal_feast, layout_caves, nicolae_shop_self_help,
          uniq_jorgrun
IceCv:    ice_cave_statue_garden_chambered

Skill      XL: |  1  2  3  4  5  6  7  8  9 10 11 12 13 14 15 |
---------------+----------------------------------------------+-----
Transmutations | 1 |  1.0
Dodging        | 2 3 4 6 7 9 10 11 12 | 12.0
Armour         | 1 2 3 4 5 6 7 8 10 | 10.4
Fighting       | 1 2 3 4 6 7 8 9 11 12 13 | 13.0
Spellcasting   | 3 4 5 6 |  6.0
Poison Magic   | 4 5 7 8 9 10 | 10.3
Air Magic      | 1 2 |  2.0
Axes           | 4 6 9 11 13 14 | 14.5
Fire Magic     | 1 4 |  4.0
Shields        | 2 6 |  6.3
Stealth        | |  1.7

Action                     |  1- 3 |  4- 6 |  7- 9 | 10-12 | 13-15 || total
---------------------------+-------+-------+-------+-------+-------++-------
  Melee: Short sword       |     6 |       |       |       |       ||     6
         Unarmed           |     3 |       |       |       |       ||     3
         Dagger            |    21 |   135 |    97 |       |       ||   253
         Halberd           |       |       |   155 |    57 |       ||   212
         War axe           |       |       |       |   307 |       ||   307
         Punch             |       |       |       |     5 |       ||     5
         Battleaxe         |       |       |       |   230 |   387 ||   617
         Broad axe         |       |       |       |       |   383 ||   383
   Cast: Sting             |    57 |    81 |    64 |    13 |     1 ||   216
         Poisonous Vapours |       |     9 |    14 |    30 |     3 ||    56
         Olgreb's Toxic Ra |       |     2 |     9 |    15 |    30 ||    56
         Ignite Poison     |       |       |       |       |     4 ||     4
Ability: Whirlwind         |       |       |       |    52 |    58 ||   110
         Lunge             |       |       |       |    30 |    82 ||   112
  Evoke: Wand              |       |       |       |       |     5 ||     5
    Use: Scroll            |       |     4 |     9 |     6 |    19 ||    38
         Potion            |       |       |       |     6 |     2 ||     8
   Stab: Sleeping          |       |     6 |       |     9 |    11 ||    26
         Distracted        |       |       |       |     2 |     3 ||     5
 Armour: Robe              |    29 |   102 |     1 |       |       ||   132
         Ring mail         |       |       |   188 |   292 |       ||   480
         Leather armour    |       |       |       |   118 |   442 ||   560
  Dodge: Dodged            |    37 |   115 |   176 |   651 |   745 ||  1724
  Block: Buckler           |       |       |       |       |    93 ||    93

Table legend: (Time is in decaauts)
 A = Elapsed time spent in this place.
 B = Non-inter-level travel time spent in this place.
 C = Inter-level travel time spent in this place.
 D = Time resting spent in this place.
 E = Time spent auto-exploring this place.
 F = Levels seen in this place.
 G = Mean time per level.
                   A        B        C        D        E       F      G
               +--------+--------+--------+--------+--------+-----+--------+
         Total |  30429 |  29261 |   1168 |   7605 |  14927 |  27 | 1127.0 |
       Dungeon |  17397 |  16654 |    743 |   3641 |   9197 |  15 | 1159.8 |
        Temple |     60 |      9 |     51 |      0 |      2 |   1 |   60.0 |
          Lair |   8648 |   8350 |    298 |   2447 |   3888 |   5 | 1729.6 |
   Spider Nest |   1720 |   1693 |     27 |    418 |   1029 |   2 |  860.0 |
  Orcish Mines |   2035 |   1986 |     49 |    871 |    674 |   2 | 1017.5 |
      Ice Cave |     25 |     25 |      0 |      0 |      0 |   1 |   25.0 |
       Volcano |    541 |    541 |      0 |    228 |    136 |   1 |  541.0 |
               +--------+--------+--------+--------+--------+-----+--------+

Top non-repeatable levels by time:
  Lair:2: 2511 daAuts
Spider:1: 1686 daAuts
  Lair:1: 1664 daAuts
  Lair:5: 1654 daAuts
     D:4: 1551 daAuts
     D:7: 1549 daAuts
  Lair:3: 1512 daAuts
     D:8: 1504 daAuts
     D:9: 1475 daAuts
     D:1: 1310 daAuts
  Lair:4: 1305 daAuts
    D:12: 1215 daAuts
   Orc:2: 1162 daAuts
     D:2: 1140 daAuts
    D:15: 1110 daAuts
